 Dungeon Crawl Stone Soup version 0.22-a0-368-g870eee8 (webtiles) character file.

14 dstrtnsr the Charmwright (level 2, -1/19 HPs)
             Began as a Halfling Skald on Apr 23, 2018.
             Slain by a kobold
             ... wielding a +0 dagger
              (3 damage)
             ... on level 1 of the Dungeon.
             The game lasted 00:02:12 (275 turns).

dstrtnsr the Charmwright (Halfling Skald)            Turns: 275, Time: 00:02:13

Health: -1/19      AC:  3    Str: 12    XL:     2   Next: 60%
Magic:  1/4        EV: 14    Int: 11    God:
Gold:   0          SH:  0    Dex: 13    Spells: 1/4 levels left

rFire    . . .     SeeInvis .     - Unarmed
rCold    . . .     Gourm    .   (shield restricted)
rNeg     . . .     Faith    .   a - +0 leather armour
rPois    .         Spirit   .   (no helmet)
rElec    .         Reflect  .   (no cloak)
rCorr    .         Harm     .   (no gloves)
MR       .....                  (no boots)
Stlth    +.........             (no amulet)
HPRegen  0.06/turn              (no ring)
MPRegen  0.09/turn              (no ring)

@: very slightly contaminated
A: small, mutation resistance 1
a: no special abilities


You were on level 1 of the Dungeon.
You were not hungry.

You visited 1 branch of the dungeon, and saw 1 of its levels.

Inventory:

Armour
 a - a +0 leather armour (worn)
Scrolls
 b - a scroll of fog {unknown}
 d - a scroll of amnesia {unknown}
Potions
 e - a potion of heal wounds {unknown}
Comestibles
 c - a ration {!d}


   Skills:
 - Level 1.7 Fighting
 - Level 1.1 Armour
 - Level 2.1 Dodging
 + Level 2.4 Unarmed Combat
 - Level 1.5 Spellcasting
 - Level 3.2 Charms


You had one spell level left.
You knew the following spells:

 Your Spells              Type           Power        Failure   Level  Hunger
a - Infusion              Chrm           #...         10%         1    ##.....
b - Shroud of Golubria    Chrm/Tloc      #.........   30%         2    ###....


Dungeon Overview and Level Annotations

Branches:
Dungeon (1/15)

Altars:


Innate Abilities, Weirdness & Mutations

You are small and have problems with some larger weapons.
You are somewhat resistant to further mutation.


Message History

The hobgoblin is moderately wounded.
The hobgoblin barely misses you.
You hit the hobgoblin.
You kill the hobgoblin!
Your shroud unravels.
You see here a club.
Found a stone staircase leading down.
Found a scroll labeled VOMAGURUAL.
You see here a scroll labeled VOMAGURUAL.
d - a scroll labeled VOMAGURUAL
Found a yellow potion.
You see here a yellow potion.
e - a yellow potion A giant cockroach comes into view.
Casting: Shroud of Golubria (safe; 30% risk of failure)
Confirm with . or Enter, or press ? or * to list all spells.
You begin infusing your attacks with magical energy.
Unknown command.
You barely miss the giant cockroach. The giant cockroach barely misses you.
You barely miss the giant cockroach. The giant cockroach bites you.
* * * LOW HITPOINT WARNING * * *
You hit the giant cockroach.
The giant cockroach is heavily wounded.
The giant cockroach misses you.
You hit the giant cockroach.
You kill the giant cockroach!
Your magical infusion is running out.
You are no longer magically infusing your attacks.
A kobold and a dart slug come into view.
The kobold shouts!
You hear a shout!
The dart slug moves out of view.
Unknown command.
Casting: Infusion (safe; 10% risk of failure)
Confirm with . or Enter, or press ? or * to list all spells.
You begin infusing your attacks with magical energy.
Unknown command.
You completely miss the kobold. The kobold hits you but does no damage.
You completely miss the kobold. The kobold hits you with a dagger.
* * * LOW HITPOINT WARNING * * *
Huge Dmg: -21%(-4hp) hp: 37%(7hp)
You hit the kobold.
You kill the kobold!
Unknown command.
Things that are here:
a dagger; a kobold corpse Your magical infusion is running out.
Casting: Infusion (safe; 10% risk of failure)
Confirm with . or Enter, or press ? or * to list all spells.
You miscast Shroud of Golubria.
You are very lightly contaminated with residual magic.
Waves of light ripple over your body.
You are no longer magically infusing your attacks.
A kobold comes into view. It is wielding a dagger.
The kobold shouts!
You hear an angry hiss.
You hear a shout!
The kobold throws a stone.
The stone barely misses you.
A frilled lizard comes into view.
You see here a stone.
Casting: Shroud of Golubria (safe; 30% risk of failure)
Confirm with . or Enter, or press ? or * to list all spells.
You miscast Shroud of Golubria.
You hit the frilled lizard.
You kill the frilled lizard!
Unknown command.
Casting: Shroud of Golubria (safe; 30% risk of failure)
Confirm with . or Enter, or press ? or * to list all spells.
Okay, then.
Unknown command.
The kobold throws a stone.
The stone barely misses you. The kobold hits you with a dagger.
* * * LOW HITPOINT WARNING * * *
You see here a frilled lizard corpse.
Huge Dmg: -21%(-4hp) hp: 27%(5hp)
You hit the kobold.
The kobold is moderately wounded.
The kobold barely misses you.
Unknown command.
You hit the kobold.
The kobold is heavily wounded.
The kobold hits you but does no damage.
Unknown command.
You hit the kobold.
The kobold is severely wounded.
The kobold misses you.
Unknown command.
You barely miss the kobold.
The kobold is severely wounded.
The kobold closely misses you.
Unknown command.
You miss the kobold.
The kobold is severely wounded.
The kobold hits you with a dagger.
* * * LOW HITPOINT WARNING * * *
Huge Dmg: -16%(-3hp) hp: 11%(2hp)
You barely miss the kobold.
The kobold is severely wounded.
Unknown command.
You completely miss the kobold.
The kobold is severely wounded.
The kobold hits you with a dagger.
You die...

#..# #.≈PPP#
#..# #.P#
#..# #.##
#..# #.#
#..# #)#
#..# #.#
#..# #.#
#..# #(#
#..###@#
#....K.#
#..#####
#.(#
#..........#
#.####..##.#
#... .. #..#
♣≈≈ #.K# ≈


You could see a kobold.

Vanquished Creatures
  An ooze (D:1)
  A leopard gecko (D:1)
  A giant cockroach (D:1)
  A hobgoblin (D:1)
  A kobold (D:1)
  A bat (D:1)
  2 frilled lizards (D:1)
  A rat (D:1)
9 creatures vanquished.

Notes
Turn   | Place    | Note
-------+----------+-------------------------------------------
     0 | D:1      | dstrtnsr the Halfling Skald began the quest for the Orb.
     0 | D:1      | Reached XP level 1. HP: 14/14 MP: 3/3
    82 | D:1      | HP: 5/14 [bat (1)]
   104 | D:1      | HP: 5/14 [ooze (1)]
   112 | D:1      | Reached XP level 2. HP: 6/19 MP: 0/4
   112 | D:1      | HP: 5/19 [leopard gecko (1)]
   150 | D:1      | Learned a level 2 spell: Shroud of Golubria
   243 | D:1      | HP: 7/19 [kobold/dagger (4)]
   268 | D:1      | HP: 5/19 [kobold/dagger (4)]
   273 | D:1      | HP: 2/19 [kobold/dagger (3)]
   275 | D:1      | Slain by a kobold

Vault maps used:
D:1:      dpeg_arrival_signposts, serial_bayou, serial_bayou_shore_a,
          serial_bayou_crossing, serial_bayou_pond_c, serial_bayou_pond_b,
          serial_bayou_lagoon_a, minmay_crystal_room, doesnt_xom_only_xom

Skill      XL: |  1 |
---------------+----+-----
Unarmed Combat | 2 |  2.4
Fighting       | |  1.7
Armour         | |  1.1
Dodging        | |  2.1
Spellcasting   | |  1.5
Charms         | |  3.2

Action                   || total
-------------------------++-------
Melee: Unarmed           ||    54
 Cast: Infusion          ||     4
       Shroud of Golubri ||     1
Armor: Leather armour    ||    14
Dodge: Dodged            ||    44

Table legend:
 A = Spawn XP
 B = Non-spawn XP
 C = Spawn XP percentage of total XP
 D = Spawn monster count
 E = Non-spawn monster count
 F = Spawn count percentage of total count
 G = Total turns spent on level
                    A         B        C        D         E        F      G
               +---------+---------+-------+---------+---------+-------+---------
         Total |       0 |      21 |   0.0 |       0 |       9 |   0.0 |   275
               +---------+---------+-------+---------+---------+-------+---------
           D:1 |       0 |      21 |   0.0 |       0 |       9 |   0.0 |   275
               +---------+---------+-------+---------+---------+-------+---------
